Map: Frost LE

Players

Nickos

  • Race: Terran Terran
  • League: Gold

ZakaruM - Winner!

  • Race: Protoss Protoss
  • League: Platinum

VOD

Have the link to the VOD?

Description

Time

  • Played on: Sept. 30, 2016, 7:05 p.m.
  • Length: 4:15
Show
View Real Time Build Order
Export as new Build Order

Nickos Terran 

Build Orders: Reaper Expand 

Get SALT Encoding   

  12  0:01  SCV  
  13  0:13  SCV  
  14  0:17  Supply Depot  
  14  0:25  SCV  
  15  0:38  SCV  
  15  0:40  Barracks  
  16  0:44  Refinery  
  16  0:50  SCV  
  17  1:02  SCV  
  18  1:16  SCV  
  19  1:27  Reaper  
  20  1:41  Command Center  
  20  1:44  Barracks  
  20  1:53  Orbital Command  
  20  2:03  Barracks Reactor  
  20  2:14  Supply Depot  
  20  2:22  SCV  
  21  2:28  Factory  
  21  2:29  Refinery  
  21  2:34  Barracks Tech Lab  
  21  2:43  SCV  
  22  2:46  Supply Depot  
  22  2:47  Marine  
  22  2:49  Marine  
  23  3:06  Marine x2  
  23  3:07  Marine  
  23  3:09  SCV  
  28  3:21  Orbital Command  
  28  3:22  Factory Reactor  
  27  3:33  Starport, SCV  
  28  3:37  Marine  
  28  3:40  Marine  
  30  3:44  Factory Reactor  
Show
View Real Time Build Order
Export as new Build Order

ZakaruM Protoss - Winner!

Build Orders:  

Get SALT Encoding   

  12  0:01  Probe (Chrono Boost)  
  13  0:12  Probe (Chrono Boost)  
  14  0:18  Pylon  
  14  0:23  Probe (Chrono Boost)  
  15  0:36  Gateway  
  15  0:41  Probe (Chrono Boost)  
  16  0:43  Assimilator  
  16  0:52  Probe (Chrono Boost)  
  17  1:02  Probe (Chrono Boost)  
  18  1:06  Gateway  
  18  1:13  Probe (Chrono Boost)  
  19  1:23  Cybernetics Core  
  19  1:26  Probe (Chrono Boost)  
  19  1:31  Pylon  
  20  1:36  Probe (Chrono Boost)  
  22  1:47  Probe (Chrono Boost)  
  22  2:03  Adept x2  
  22  2:04  Warp Gate  
  25  2:12  Probe (Chrono Boost)  
  26  2:25  Probe (Chrono Boost)  
  27  2:30  Adept x2  
  27  2:35  Assimilator  
  31  2:49  Pylon  
  31  2:59  Nexus  
  31  3:08  Probe (Chrono Boost)  
  31  3:12  Pylon  
  32  3:17  Stalker x2  
  32  3:18  Probe (Chrono Boost)  
  37  3:29  Probe (Chrono Boost)  
  37  3:32  Gateway  
  38  3:39  Probe (Chrono Boost)  
  39  3:42  Twilight Council  
  39  3:50  Probe (Chrono Boost)  
  40  4:00  Probe (Chrono Boost)  
Tags
 
Add a new tag
Caveats
  • Supply blocks, unpowered buildings, or Contaminate may cause inaccurate times.
  • Supply counts are checked every 10 seconds.